 Dungeon Crawl Stone Soup version 0.29-a0-668-g12ee2bf84d (webtiles) character file.

Game seed: 5161330516896240109

47 zeratav the Stinger (level 3, 0/24 HPs)
             Began as a Formicid Venom Mage on June 23, 2022.
             Slain by a hobgoblin (5 damage)
             ... led by Robin
             ... on level 2 of the Dungeon.
             The game lasted 00:03:43 (1328 turns).

zeratav the Stinger (Formicid Venom Mage)           Turns: 1328, Time: 00:03:44

Health: 0/24       AC:  2    Str: 14    XL:     3   Next: 97%
Magic:  5/6        EV: 12    Int: 14    God:
Gold:   76         SH:  0    Dex: 14    Spells: 5/6 levels left

rFire   . . .      SeeInvis +   d - +0 short sword (vamp) {short}
rCold   . . .      Faith    .   (no shield)
rNeg    . . .      Spirit   .   a - +0 robe
rPois   .          Reflect  .   (helmet unavailable)
rElec   .          Harm     .   (no cloak)
rCorr   .          Rampage  .   (no gloves)
Will    .....                   (no boots)
Stlth   ++........              (no amulet)
HPRegen 0.08/turn               (no ring)
MPRegen 0.10/turn               (no ring)

@: no status effects
A: permanent stasis, dig shafts and tunnels, antennae 3, four strong arms
a: Dig, Shaft Self


You were on level 2 of the Dungeon.
You visited 1 branch of the dungeon, and saw 2 of its levels.

You collected 76 gold pieces.


Innate Abilities, Weirdness & Mutations

You cannot be hasted, slowed, berserked, paralysed or teleported.
You can dig through walls and to a lower floor.
You have a pair of large antennae on your head. (SInv)
Your four strong arms can wield two-handed weapons with a shield.


   Skills:
 - Level 1.7 Dodging
 - Level 2.4 Stealth
 - Level 2.1 Spellcasting
 - Level 1.1 Transmutations
 + Level 6.1 Poison Magic


You had 5 spell levels left.
You knew the following spells:

 Your Spells              Type           Power      Damage    Failure   Level
a - Sting                 Tmut/Pois      44%        1d5       5%          1

Your spell library contained the following spells:

 Spells                   Type           Power      Damage    Failure   Level
 Poisonous Vapours        Pois/Air       20%        N/A       10%         2
 Olgreb's Toxic Radiance  Pois           18%        N/A       19%         4
 Mephitic Cloud           Conj/Pois/Air  7%         N/A       30%         3

Inventory:

Hand Weapons
 c - a +0 falchion {long}
   (You found it on level 1 of the Dungeon)
 d - a +0 vampiric short sword (weapon) {short}
   (You found it on level 1 of the Dungeon)
Armour
 a - a +0 robe (worn)
 h - a +0 kite shield
   (You found it on level 2 of the Dungeon)
Scrolls
 e - 3 scrolls of identify {unknown}
 g - a scroll of noise {unknown}
Potions
 b - a potion of magic
 f - a potion of heal wounds {unknown}

Dungeon Overview and Level Annotations

Branches:
Dungeon (2/15) Zot: 10664

Altars:

Shops:
D:1

: #.####### ###.......#
#...#####.##### ..#..
#.....# .. #.###.# #. #.#
#)# #.#####.# #)#
#..ggg@.# #.# ##'#######
#.# ##.<.## #.# ##g{.{.##
#.#### ##.{.....##
##....#
#.........####...#.#
.'..{......{........#
##....g....####...#.#####
##.......## ##.......)#


You could see 3 hobgoblins.


Message History

Robin of the Strong Arm comes into view.
They are wielding a +0 trident.
You hear a shout! x2
You see here a +0 club {mace}.
You see here a +0 dagger {short}.
The goblin hits you with a +0 club.
HP[-1]
You take 1 damage, and now have 23/24 hp.
The goblin attacks as you move away! The goblin barely misses you.
You hit the goblin. The goblin closely misses you.
You hit the goblin. The goblin hits you but does no damage.
You hit the goblin.
You feel better.
You kill the goblin!
HP[+1]
Your hp is fully restored (24).
You hit the goblin. The goblin closely misses you. x2
You completely miss the goblin. The goblin hits you with a +0 dagger.
HP[-1]
You take 1 damage, and now have 23/24 hp.
You hit the goblin.
You kill the goblin!
The goblin unwields a +0 dagger.
The goblin wields a +0 hunting sling.
The goblin shoots a sling bullet.
The sling bullet closely misses you.
The goblin unwields a +0 hunting sling.
The goblin wields a +0 dagger.
The goblin hits you with a +0 dagger.
Things that are here:
a +0 dagger {short}; a +0 club {mace}; a goblin corpse HP[-4]
You take 4 damage, and now have 19/24 hp.
You hit the goblin but do no damage. You hit the goblin. The goblin misses you.
The goblin hits you with a +0 dagger.
HP[-2]
You take 2 damage, and now have 17/24 hp.
You hit the goblin.
You feel better.
You kill the goblin!
HP[+1]
Things that are here:
a +0 dagger {short}; a +0 hunting sling {sling} You start resting.
HP[+6]
Your hp is fully restored (24).
You see here a +0 dagger {short}.
You see here a +0 club {mace}. 2 hobgoblins come into view.
Casting: Sting (safe; 5% risk of failure)
Confirm with . or Enter, or press ? or * to list all spells.
Aiming: Sting (safe; 5% risk of failure)
Press: ? - help, Shift-Dir - straight line, f - Robin
Aim: Robin, wielding a +0 trident, wearing a +0 animal skin and wearing a +0 helmet (79% to hit)
The sting hits Robin.
Robin is poisoned.
Robin hits you from afar with a +0 trident.
HP[-6] MP[-1]
You take 6 damage, and now have 18/24 hp.
MASSIVE DAMAGE!! (PAUSE)
You lost 1 mp, and now have 5/6 mp.
Casting: Sting (safe; 5% risk of failure)
Confirm with . or Enter, or press ? or * to list all spells.
Aiming: Sting (safe; 5% risk of failure)
Press: ? - help, Shift-Dir - straight line, f/p - Robin
Aim: Robin, wielding a +0 trident, wearing a +0 animal skin and wearing a +0 helmet (moderately wounded, poisoned, 79% to hit)
The sting hits Robin but does no damage.
Robin looks even sicker.
Robin hits you from afar with a +0 trident.
A hobgoblin comes into view.
HP[-3] MP[-1]
You take 3 damage, and now have 15/24 hp.
You lost 1 mp, and now have 4/6 mp.
Robin misses you.
You barely miss Robin. Robin misses you.
You hit Robin.
Robin roars a battlecry!
The hobgoblin goes into a battle-frenzy!
You hear a shout! x2
You closely miss Robin.
Robin says, "A pitiful Ant like you will never find the ORB!"
Robin hits you with a +0 trident.
* * * LOW HITPOINT WARNING * * *
HP[-4]
You take 4 damage, and now have 11/24 hp.
You hit Robin. Robin hits you with a +0 trident.
* * * LOW HITPOINT WARNING * * *
HP[-4]
You take 4 damage, and now have 7/24 hp.
You barely miss Robin. Robin hits you with a +0 trident.
* * * LOW HITPOINT WARNING * * *
Robin hits you with a +0 trident.
* * * LOW HITPOINT WARNING * * *
HP[-5]
You take 5 damage, and now have 2/24 hp.
MASSIVE DAMAGE!! (PAUSE)
The hobgoblin shouts!
You hit Robin but do no damage. Robin completely misses you.
MP[+1]
You hit Robin.
You kill Robin!
A hobgoblin comes into view.
Your Poison Magic skill increases to level 6!
You completely miss the hobgoblin. The hobgoblin closely misses you.
You hit the hobgoblin.
You feel better. The hobgoblin hits you.
You die...

Skill      XL: |  1  2  3 |
---------------+----------+-----
Poison Magic   | 5 6 |  6.1
Dodging        | |  1.7
Stealth        | |  2.4
Spellcasting   | |  2.1
Transmutations | |  1.1

Action                   || total
-------------------------++-------
Melee: Short sword       ||    45
 Cast: Sting             ||    40
 Stab: Sleeping          ||     3
Armor: Robe              ||    11
Dodge: Dodged            ||    32

Levels and vault maps discovered:
D:1:      lightli_arrival_boilingwater, layout_loops_ring,
          hellmonk_ecumenical_altar_run_dry, serial_shops, shop
D:2:      layout_loops_corners, uniq_robin

Notes
Turn   | Place    | Note
-------+----------+-------------------------------------------
     0 | D:1      | zeratav the Formicid Venom Mage began the quest for the
                  | Orb.
     0 | D:1      | Reached XP level 1. HP: 13/13 MP: 3/3
     0 | D:1      | magus.rc [v1.9.6]
   209 | D:1      | Reached XP level 2. HP: 13/19 MP: 1/5
   309 | D:1      | Found a faded altar of an unknown god.
   384 | D:1      | Reached skill level 5 in Poison Magic
   483 | D:1      | Found Jaeper's Book Boutique.
   486 | D:1      | Reached XP level 3. HP: 24/24 MP: 1/6
  1177 | D:2      | Noticed Robin
  1324 | D:2      | HP: 2/24 [Robin/+0 trident (5)]
  1326 | D:2      | Killed Robin
  1327 | D:2      | Reached skill level 6 in Poison Magic
  1328 | D:2      | Slain by a hobgoblin

Vanquished Creatures
  Robin (D:2)
  2 ball pythons (D:1)
  2 bats
  6 endoplasms
  A giant cockroach (D:1)
  2 hobgoblins (D:1)
  2 jackals (D:1)
  A quokka (D:1)
  10 goblins
  3 kobolds (D:1)
30 creatures vanquished.

Table legend:
 A = Non-vault XP
 B = Vault XP
 C = Vault XP percentage of total XP
 D = Non-vault monster count
 E = Vault monster count
 F = Vault count percentage of total count
                 A         B        C        D         E       F
            +---------+---------+-------+---------+---------+-------
      Total |      43 |      25 |  36.8 |      24 |       6 |  20.0
            +---------+---------+-------+---------+---------+-------
        D:1 |      36 |       0 |   0.0 |      20 |       0 |   0.0
        D:2 |       7 |      25 |  78.1 |       4 |       6 |  60.0
            +---------+---------+-------+---------+---------+-------

Illustrated notes

Table legend:
 A = Kills in this place as a percentage of kills in entire the game.
 B = Kills by you in this place as a percentage of kills by you in the entire game.
 C = Kills by friends in this place as a percentage of kills by friends in the entire game.
 D = Other kills in this place as a percentage of other kills in the entire game.
 E = Experience gained in this place as a percentage of experience gained in the entire game.
 F = Experience gained in this place divided by the number of levels of this place that you have seen.
                   A       B       C       D       E      F
               +-------+-------+-------+-------+-------+----------------------
         Total | 100.0 | 100.0 |   N/A |   N/A | 100.0 |  34.0
       Dungeon | 100.0 | 100.0 |   N/A |   N/A | 100.0 |  34.0
               +-------+-------+-------+-------+-------+----------------------

Table legend: (Time is in decaauts)
 A = Elapsed time spent in this place.
 B = Non-inter-level travel time spent in this place.
 C = Inter-level travel time spent in this place.
 D = Time resting spent in this place.
 E = Time spent auto-exploring this place.
 F = Levels seen in this place.
 G = Mean time per level.
                   A        B        C        D        E       F      G
               +--------+--------+--------+--------+--------+-----+--------+
         Total |   1334 |   1304 |     30 |    208 |    805 |   2 |  667.0 |
       Dungeon |   1334 |   1304 |     30 |    208 |    805 |   2 |  667.0 |
               +--------+--------+--------+--------+--------+-----+--------+

Top non-repeatable levels by time:
     D:1: 930 daAuts
     D:2: 404 daAuts
